Map: New Repugnancy LE

Players

Cham - Winner!

  • Race: Zerg Zerg
  • League: Grandmaster
  • Spawn Location: 7:00

SpeCial

  • Race: Terran Terran
  • Spawn Location: 1:00

Event: 2019 WCS Winter Americas

VOD

Have the link to the VOD?

Description

Time

  • Played on: Feb. 14, 2019, 4:14 p.m.
  • Length: 35:42

All games in this series

Show
View Real Time Build Order
Export as new Build Order

Cham Zerg - Winner!

Build Orders: Pool First, Brood Lord Corruptor, Swarm Host 

Get SALT Encoding   

  12  0:00  Drone  
  13  0:10  Drone  
  14  0:19  Overlord  
  14  0:38  Drone x2  
  14  0:41  Spawning Pool  
  15  0:46  Drone  
  16  0:50  Drone  
  17  1:09  Hatchery  
  16  1:12  Drone  
  16  1:14  Extractor  
  16  1:28  Zergling x4  
  16  1:32  Zergling x2  
  19  1:34  Queen  
  21  1:44  Drone  
  22  1:54  Overlord  
  22  2:12  Queen  
  24  2:17  Metabolic Boost  
  24  2:19  Drone x2  
  26  2:23  Drone  
  26  2:28  Drone  
  28  2:39  Hatchery  
  28  2:43  Drone  
  28  2:46  Drone  
  28  2:50  Drone x2  
  31  2:54  Drone  
  31  2:58  Overlord  
  32  3:02  Drone  
  33  3:06  Overlord  
  33  3:20  Queen, Drone x2  
  33  3:22  Drone x2  
  33  3:24  Drone  
  39  3:30  Queen  
  39  3:33  Overlord  
  41  3:36  Drone  
  41  3:38  Drone  
  43  3:46  Zergling x2  
  43  3:47  Drone  
  45  3:55  Drone x3  
  48  3:56  Roach Warren  
  45  4:06  Drone x2  
  45  4:09  Drone x2  
  46  4:15  Drone x2  
  46  4:16  Drone x2  
  50  4:23  Queen  
  52  4:24  Drone  
  52  4:30  Overlord  
  54  4:32  Spore Crawler x2  
  54  4:34  Spore Crawler, Drone  
  54  4:35  Drone  
  53  4:40  Zergling x4  
  53  4:41  Zergling x2  
  53  4:43  Zergling x2  
  57  4:46  Zergling x2  
  57  4:51  Spore Crawler  
  57  4:52  Overlord  
  57  4:53  Drone x2  
  57  4:54  Drone  
  57  4:55  Drone  
  57  4:57  Drone  
  62  5:05  Overlord  
  62  5:08  Overlord x2  
  60  5:16  Drone x2  
  60  5:20  Drone x2  
  61  5:21  Lair  
  61  5:23  Drone x3  
  61  5:24  Extractor, Drone  
  61  5:25  Roach Warren, Drone  
  61  5:28  Drone  
  65  5:29  Drone  
  65  5:32  Drone x2  
  65  5:34  Overlord  
  68  5:36  Drone  
  68  5:39  Extractor, Drone  
  68  5:40  Extractor  
  68  5:42  Evolution Chamber  
  67  5:43  Evolution Chamber  
  67  5:44  Drone x2  
  67  5:45  Drone  
  67  5:47  Extractor  
  67  5:48  Extractor  
  67  5:50  Drone x3  
  67  5:54  Overlord  
  67  5:55  Drone  
  67  5:56  Drone  
  72  6:03  Overlord  
  72  6:09  Zerg Missile Weapons Level 1, Zerg Ground Armor Level 1  
  69  6:13  Roach x2  
  69  6:17  Overlord  
  73  6:25  Drone x3  
  75  6:26  Roach, Drone  
  75  6:27  Roach  
  75  6:29  Overseer  
  75  6:32  Overlord  
  81  6:36  Drone x2  
  81  6:37  Drone  
  81  6:39  Drone x2  
  87  6:40  Drone  
  87  6:46  Overseer  
  87  6:49  Queen  
  87  6:50  Overlord  
  87  6:52  Hatchery  
  88  6:56  Queen  
  88  6:59  Overlord  
  88  7:00  Glial Reconstitution, Roach x2  
  94  7:06  Roach, Overlord  
  96  7:10  Overlord, Roach x2  
  96  7:11  Roach, Overlord  
  96  7:14  Pneumatized Carapace  
  102  7:16  Roach x2  
  102  7:19  Roach  
  102  7:21  Roach x2  
  112  7:24  Roach  
  112  7:27  Overlord  
  112  7:28  Roach  
  115  7:33  Roach  
  115  7:34  Roach x3  
  117  7:45  Roach x2  
  117  7:47  Roach x2  
  121  7:52  Roach  
  121  7:53  Roach  
  121  7:56  Drone  
  121  7:57  Infestation Pit  
  123  7:59  Extractor, Drone x3  
  123  8:01  Drone x2  
  123  8:05  Drone x2  
  127  8:14  Roach x5  
  127  8:16  Zerg Missile Weapons Level 2  
  127  8:17  Zerg Ground Armor Level 2  
  137  8:24  Overlord  
  137  8:33  Overlord  
  137  8:34  Spore Crawler  
  137  8:35  Extractor, Drone  
  137  8:36  Swarm Host x2, Drone  
  137  8:37  Swarm Host x3  
  137  8:38  Extractor  
  151  8:42  Swarm Host  
  151  8:45  Swarm Host  
  157  8:50  Swarm Host, Drone  
  157  8:54  Drone  
  157  8:55  Swarm Host  
  162  8:58  Swarm Host  
  168  9:05  Hatchery, Swarm Host  
  168  9:06  Overlord  
  170  9:15  Spore Crawler  
  169  9:19  Zergling x10  
  169  9:20  Zergling x12  
  163  9:43  Swarm Host x4  
  163  9:44  Swarm Host  
  167  9:47  Drone  
  167  9:48  Drone x2  
  167  9:52  Drone x2  
  163  9:57  Spore Crawler  
  162  10:03  Swarm Host x3  
  162  10:05  Ravager x3  
  162  10:06  Ravager  
  175  10:10  Zergling x12  
  175  10:11  Zergling x4  
  175  10:14  Ravager x2  
  185  10:19  Hive  
  185  10:22  Zergling x4, Spire  
  185  10:23  Zergling x4  
  188  10:35  Roach x9  
  194  10:49  Roach x5  
  196  10:50  Roach x2, Zergling x4  
  196  10:57  Overlord  
  198  11:07  Overlord x2  
  193  11:20  Zergling x14  
  200  11:34  Greater Spire  
  174  11:59  Corruptor  
  174  12:00  Corruptor x7  
  169  12:01  Roach  
  169  12:02  Roach x11  
  169  12:04  Zergling x2  
  169  12:05  Roach x2  
  169  12:06  Corruptor x3  
  169  12:07  Ravager x2  
  169  12:08  Ravager  
  196  12:27  Drone x4  
  187  13:18  Infestor x2  
  188  13:30  Spore Crawler, Brood Lord x6  
  188  13:33  Zerg Ground Armor Level 3, Zerg Missile Weapons Level 3  
  199  13:34  Zerg Flyer Weapons Level 1  
  199  13:36  Hydralisk Den  
  199  13:37  Spore Crawler, Extractor  
  199  13:39  Spore Crawler, Spine Crawler  
  199  13:41  Extractor  
  193  13:42  Drone x6, Spine Crawler  
  193  13:46  Spore Crawler x2  
  193  13:48  Corruptor x2  
  203  14:02  Overlord x3  
  201  14:07  Overlord x2  
  201  14:12  Overlord x2  
  201  14:14  Grooved Spines, Hatchery  
  200  14:26  Hatchery  
  199  14:36  Spine Crawler  
  199  14:37  Drone x2  
  200  14:38  Spine Crawler  
  200  14:39  Spine Crawler  
  200  14:41  Hatchery  
  196  14:55  Hydralisk x4  
  199  15:03  Corruptor x3  
  199  15:14  Infestor x2  
  199  15:23  Drone  
  199  15:25  Muscular Augments  
  200  15:33  Extractor  
  197  15:41  Hydralisk  
  199  15:46  Drone x3  
  199  15:47  Zerg Flyer Armor Level 1  
  182  16:28  Hydralisk x12  
  182  16:29  Hydralisk  
  191  16:39  Hydralisk x3  
  177  16:40  Hydralisk x2  
  177  16:42  Hydralisk x4  
  177  16:46  Hydralisk x2  
  195  16:49  Hydralisk x3  
  195  16:53  Drone x3  
  192  16:56  Corruptor  
  192  17:01  Hydralisk x3  
  190  17:04  Corruptor x2  
  200  17:21  Corruptor x2  
  196  17:33  Drone  
  196  17:34  Drone x2  
  195  17:43  Extractor  
  195  17:44  Extractor  
  193  17:51  Drone x2  
  194  17:54  Hatchery  
  194  17:58  Zerg Flyer Armor Level 2, Corruptor x2  
  191  17:59  Corruptor  
  193  18:19  Infestor x2  
  197  18:22  Infestor  
  197  18:26  Ultralisk Cavern, Zerg Melee Weapons Level 1  
  197  18:27  Drone  
  199  18:28  Drone  
  199  18:32  Spawning Pool  
  199  18:52  Drone  
  200  19:04  Overseer  
  198  19:33  Hatchery  
  198  19:37  Hydralisk x6  
  191  20:07  Chitinous Plating  
  191  20:14  Zerg Flyer Weapons Level 2  
  185  20:25  Ultralisk x3  
  194  20:36  Ultralisk  
  194  20:37  Hatchery  
  177  21:04  Hatchery  
  171  21:13  Ultralisk x2  
  171  21:18  Drone x5  
  187  21:21  Extractor x2  
  182  21:26  Ultralisk x3, Anabolic Synthesis  
  182  21:28  Hatchery  
  200  21:45  Extractor  
  191  21:48  Extractor  
  191  21:54  Hydralisk, Ultralisk x5  
  173  21:55  Hydralisk x5  
  173  22:01  Hydralisk  
  199  22:18  Drone  
  200  22:30  Hatchery  
  199  22:44  Drone  
  194  23:10  Viper x3  
  194  23:12  Drone  
  196  23:23  Drone  
  196  23:24  Drone x6  
  197  23:30  Corruptor  
  197  23:32  Overseer  
  196  23:57  Hatchery  
  195  24:12  Corruptor x2  
  199  24:20  Drone  
  200  24:26  Corruptor  
  192  24:40  Hydralisk x4  
  192  24:42  Hatchery  
  199  24:48  Zergling x2  
  199  24:51  Hatchery  
  199  24:55  Zergling x2  
  200  25:01  Infestor  
  200  25:02  Infestor  
  200  25:04  Viper x2  
  198  25:09  Hydralisk  
  198  25:11  Hatchery  
  196  25:30  Drone x3  
  193  25:43  Hydralisk x3  
  193  25:47  Spine Crawler x2  
  193  25:48  Spine Crawler  
  196  25:51  Spine Crawler  
  195  26:10  Hydralisk  
  197  26:22  Hydralisk  
  197  26:38  Extractor  
  196  26:51  Hydralisk x2  
  143  27:19  Hydralisk x4  
  143  27:20  Hydralisk x11  
  143  27:22  Zergling x6  
  150  27:41  Hydralisk x3  
  150  27:42  Zergling x8  
  151  27:44  Extractor, Zergling x12  
  151  27:45  Extractor, Zergling x4  
  153  27:53  Drone x2  
  153  27:54  Drone  
  153  27:56  Infestor, Zergling x4  
  153  27:58  Zergling x2  
  156  28:11  Infestor  
  156  28:12  Zergling x8  
  159  28:19  Roach x4  
  166  28:20  Zergling x6  
  166  28:21  Zergling x4  
  169  28:33  Zergling x2  
  169  28:34  Zergling x12  
  171  28:36  Drone  
  171  28:37  Drone x4  
  171  28:41  Ultralisk, Drone  
  181  28:45  Extractor  
  181  28:51  Hydralisk x3  
  181  28:52  Hydralisk  
  185  29:02  Corruptor  
  181  29:10  Corruptor  
  181  29:11  Zergling x2  
  181  29:12  Zergling x2  
  181  29:13  Zergling x6  
  181  29:14  Zergling x8  
  181  29:15  Zergling x2  
  192  29:19  Corruptor  
  192  29:20  Zergling x8  
  171  29:32  Hydralisk x2  
  171  29:33  Hydralisk  
  158  29:38  Hydralisk x2  
  158  29:44  Hydralisk x3  
  158  29:45  Zergling x2  
  165  29:50  Zergling x2  
  165  29:51  Zergling x14  
  163  29:53  Zergling x2  
  163  29:56  Hydralisk x2  
  163  29:57  Zergling x2  
  147  30:05  Hydralisk x3  
  141  30:07  Hydralisk  
  141  30:08  Zergling x4  
  141  30:13  Hydralisk  
  128  30:18  Hydralisk x2  
  128  30:19  Zergling x6  
  111  30:22  Roach  
  111  30:26  Roach x3  
  111  30:28  Zergling x4  
  109  30:33  Hydralisk  
  111  30:36  Hydralisk x2  
  111  30:41  Zergling x4  
  117  30:45  Hydralisk x3  
  117  30:47  Zergling x2  
  117  30:48  Zergling x4  
  126  30:52  Hydralisk  
  128  30:57  Infestor  
  128  30:59  Zergling x6  
  128  31:00  Zergling x4  
  133  31:11  Infestor  
  126  31:12  Zergling x8  
  119  31:18  Zergling x2  
  119  31:19  Zergling x2  
  114  31:25  Zergling x2  
  114  31:27  Zergling x4  
  114  31:33  Hydralisk  
  114  31:35  Zergling x2  
  117  31:44  Infestor  
  119  32:00  Hatchery  
  118  32:02  Infestor  
  120  32:09  Corruptor  
  122  32:21  Hydralisk x3  
  124  32:23  Hydralisk  
  124  32:26  Hydralisk  
  128  32:32  Hydralisk  
  134  32:37  Roach x2  
  138  32:44  Roach x2  
  137  32:52  Roach  
  137  32:56  Roach x3  
  144  33:01  Roach  
  144  33:02  Roach  
  144  33:03  Roach  
  146  33:06  Roach  
  139  33:22  Roach  
  139  33:23  Roach x4  
  137  33:28  Roach x2  
  133  33:36  Hydralisk x2  
  135  33:41  Hydralisk  
  135  33:46  Hydralisk x2  
  135  33:47  Zergling x2  
  128  33:53  Infestor  
  128  33:54  Zergling x6  
  109  34:19  Roach x5  
  109  34:20  Roach, Zergling x2  
  124  34:37  Hydralisk x4  
  125  34:46  Hydralisk  
  127  34:53  Hydralisk  
  127  34:55  Hydralisk  
  127  34:58  Hydralisk  
  126  35:03  Roach  
  126  35:08  Roach x2  
  110  35:17  Hydralisk x2  
  110  35:19  Zergling x2  
  110  35:20  Zergling x2  
Show
View Real Time Build Order
Export as new Build Order

SpeCial Terran 

Build Orders: Gas First Reaper Expand, Hellion Banshee, Mech 

Get SALT Encoding   

  12  0:00  SCV  
  13  0:13  SCV  
  14  0:18  Supply Depot  
  14  0:25  SCV  
  15  0:30  Refinery  
  15  0:39  SCV  
  16  0:44  Barracks  
  16  0:51  SCV  
  17  1:03  SCV  
  18  1:15  SCV  
  19  1:32  Reaper, Orbital Command  
  20  1:42  Command Center  
  20  1:54  Factory  
  20  1:57  SCV  
  21  2:08  Barracks Reactor  
  21  2:10  SCV  
  21  2:14  Supply Depot  
  21  2:18  Refinery  
  21  2:22  SCV  
  22  2:34  SCV  
  23  2:44  Starport  
  23  2:46  SCV  
  24  2:51  Hellion, Marine  
  24  2:52  Hellion  
  24  2:57  Orbital Command  
  29  2:59  SCV  
  30  3:13  Hellion x2  
  30  3:19  Marine  
  35  3:21  Starport Tech Lab  
  35  3:23  SCV x2  
  37  3:31  Supply Depot  
  37  3:35  SCV  
  37  3:36  Hellion  
  37  3:38  Hellion  
  42  3:44  SCV  
  42  3:45  Cloaking Field  
  42  3:47  SCV  
  44  3:53  Banshee  
  47  4:00  SCV  
  48  4:04  SCV  
  49  4:13  SCV  
  49  4:16  SCV  
  42  4:23  Command Center  
  42  4:25  SCV  
  42  4:27  Hellion  
  42  4:28  SCV, Hellion  
  48  4:33  Barracks Tech Lab  
  48  4:34  Supply Depot  
  48  4:37  Banshee  
  51  4:40  SCV  
  51  4:41  SCV  
  53  4:53  SCV  
  53  4:55  SCV  
  56  5:01  Supply Depot  
  56  5:05  SCV  
  61  5:07  SCV, Hellion x2  
  61  5:17  SCV  
  61  5:19  SCV  
  55  5:24  Refinery x2  
  59  5:28  Hellion x2  
  59  5:29  SCV  
  59  5:30  Armory  
  59  5:31  SCV  
  59  5:33  Factory  
  59  5:35  Armory, Factory  
  61  5:37  Orbital Command  
  61  5:41  SCV  
  62  5:43  Starport Reactor  
  62  5:44  SCV  
  63  5:51  Supply Depot  
  63  5:53  SCV  
  63  5:56  SCV  
  63  5:57  Hellion x2  
  69  6:05  SCV  
  69  6:08  SCV  
  69  6:10  Orbital Command  
  72  6:17  SCV  
  72  6:20  SCV  
  72  6:22  Hellion x2, Thor x2  
  89  6:27  Medivac x2  
  93  6:34  SCV x2, Supply Depot  
  93  6:36  Supply Depot, Terran Vehicle Weapons Level 1  
  93  6:37  SCV  
  96  6:44  Refinery  
  96  6:45  Terran Vehicle And Ship Armor Level 1  
  96  6:46  Refinery  
  96  6:47  SCV x2  
  98  6:48  Hellion  
  98  6:49  Hellion  
  101  6:56  SCV  
  101  6:59  SCV x2  
  101  7:00  Supply Depot  
  104  7:07  Siege Tank x2  
  104  7:08  SCV  
  111  7:11  SCV x2  
  111  7:12  Hellion x2  
  111  7:15  Supply Depot  
  117  7:21  SCV, Factory  
  118  7:23  SCV  
  118  7:24  Factory  
  118  7:25  SCV  
  118  7:28  Liberator  
  120  7:33  SCV  
  120  7:36  Hellion x2  
  125  7:43  SCV, Siege Tank x2  
  126  7:51  SCV, Liberator  
  126  7:53  SCV  
  126  7:56  SCV  
  117  8:02  Hellion  
  117  8:03  SCV, Hellion  
  119  8:05  SCV  
  119  8:08  SCV  
  124  8:13  Factory Reactor, Factory Tech Lab  
  124  8:15  SCV  
  124  8:16  Supply Depot  
  124  8:17  SCV  
  126  8:20  SCV  
  126  8:24  Hellion x2  
  126  8:25  Supply Depot  
  131  8:27  SCV, Command Center  
  131  8:29  Supply Depot  
  131  8:30  SCV  
  131  8:31  Terran Vehicle Weapons Level 2  
  131  8:33  Supply Depot  
  133  8:38  Siege Tank x2, Supply Depot  
  133  8:41  SCV x2  
  141  8:46  Hellion x2, Siege Tank  
  148  8:50  Viking, Hellion x4  
  148  8:51  Viking  
  152  8:57  SCV  
  152  9:02  Hellion x2  
  159  9:05  Supply Depot  
  159  9:06  Terran Vehicle And Ship Armor Level 2  
  159  9:08  Hellion x2, Supply Depot  
  161  9:10  Siege Tank  
  164  9:23  Siege Tank  
  164  9:24  Hellion x2  
  171  9:29  Hellion x7  
  172  9:37  Siege Tank  
  172  9:42  Siege Tank  
  176  9:46  Viking x2  
  176  9:51  Hellion  
  172  9:57  Hellion x3, Siege Tank  
  172  9:59  Liberator  
  173  10:02  Infernal Pre-Igniter  
  168  10:09  Hellion  
  164  10:15  Hellion x2  
  164  10:18  Hellion x2  
  164  10:19  Liberator  
  175  10:22  Engineering Bay  
  175  10:29  Siege Tank  
  175  10:30  Refinery  
  175  10:35  Hellion, Siege Tank, Refinery  
  173  10:36  Siege Tank  
  173  10:40  Hellion x7  
  173  10:42  Liberator  
  172  10:45  Hellion  
  165  10:57  Hellion  
  165  10:58  Planetary Fortress, SCV x2  
  165  11:01  Liberator  
  165  11:02  Hellion x3  
  165  11:04  Command Center  
  176  11:08  Supply Depot  
  166  11:19  Hellion x3  
  166  11:25  Liberator  
  162  11:40  SCV x3  
  162  11:41  Siege Tank x2  
  162  11:42  Hellion  
  162  11:44  Liberator  
  162  11:45  Siege Tank  
  162  11:47  Hellion  
  177  11:51  Hellion  
  168  12:00  Hellion  
  163  12:03  Hellion  
  163  12:07  Liberator  
  163  12:08  Hellion  
  170  12:13  Hellion, Siege Tank  
  175  12:15  Orbital Command  
  175  12:18  Hellion  
  175  12:20  Siege Tank  
  180  12:27  Liberator  
  176  12:39  Hellion x3  
  176  12:40  Starport  
  176  12:44  Starport  
  182  12:45  Starport  
  182  12:46  Hellion x2  
  184  12:59  Siege Tank x2  
  184  13:02  Hellion x2  
  184  13:04  Orbital Command  
  194  13:07  Viking  
  188  13:21  Starport Reactor x3  
  188  13:25  Hellion x2  
  192  13:27  Viking  
  192  13:37  Viking  
  192  13:40  Hellion x2  
  196  13:57  Viking  
  196  14:01  Hellion x3  
  196  14:02  Hellion  
  198  14:06  Viking x3  
  198  14:08  Terran Ship Weapons Level 1, Terran Vehicle And Ship Armor Level 3  
  196  14:12  Hellion x2  
  196  14:23  Refinery x2  
  193  14:24  Command Center  
  193  14:26  Command Center  
  193  14:32  Viking x3, Command Center  
  196  14:53  Hellion x2  
  196  14:57  Smart Servos  
  198  15:03  Hellion  
  198  15:04  Hellion x4  
  198  15:07  Viking x2  
  194  15:22  Hellion x2  
  194  15:25  Siege Tank  
  196  15:36  Hellion  
  193  15:43  Hellion  
  193  15:44  Hellion x2  
  193  15:46  Planetary Fortress  
  197  15:50  Hellion  
  197  15:52  Thor  
  193  15:58  Starport  
  193  16:00  Fusion Core  
  193  16:02  Terran Vehicle Weapons Level 3  
  186  16:06  Starport  
  186  16:09  Starport  
  175  16:24  Viking x2  
  173  16:27  Hellion x2  
  147  16:33  Hellion x2  
  147  16:37  Hellion  
  146  16:44  Liberator x4  
  140  16:47  Liberator  
  140  16:48  Starport Tech Lab  
  132  16:58  Siege Tank x2  
  132  16:59  Hellion x4  
  144  17:09  Hellion x10, Advanced Ballistics  
  144  17:14  Liberator x3  
  144  17:16  Sensor Tower  
  144  17:18  Hellion  
  146  17:23  Hellion x4  
  143  17:30  Siege Tank  
  143  17:33  Hellion  
  151  17:43  Starport Tech Lab x2  
  151  17:47  Siege Tank x2  
  151  17:48  SCV x2  
  151  17:49  SCV  
  160  17:54  Orbital Command  
  152  18:02  Orbital Command  
  152  18:03  Hellion x2  
  152  18:04  Liberator  
  152  18:05  Liberator  
  156  18:07  Hellion x6  
  156  18:08  Siege Tank  
  159  18:19  Siege Tank  
  162  18:20  Raven x3  
  162  18:26  Siege Tank  
  171  18:27  Hellion  
  171  18:30  Hellion x2  
  171  18:33  Liberator x3  
  169  18:37  Viking x2  
  169  18:39  Hellion  
  169  18:41  Hellion  
  175  18:51  Siege Tank  
  175  18:54  Terran Ship Weapons Level 2  
  187  18:59  SCV x4  
  187  19:00  SCV  
  187  19:01  Orbital Command  
  183  19:15  Hellion  
  175  19:18  Refinery  
  172  19:29  Hellion x3  
  174  19:37  Hellion x2  
  178  19:42  Command Center  
  178  19:44  Sensor Tower  
  182  19:45  Hellion x2  
  176  20:02  Hellion x3  
  176  20:06  Hellion x2  
  188  20:07  Hellion x2  
  173  20:24  Hellion x2  
  173  20:26  Viking x2, Hellion  
  173  20:27  Hellion  
  185  20:36  Siege Tank x2  
  185  20:41  Command Center  
  191  20:56  Hellion  
  191  20:57  Hellion, Siege Tank  
  195  21:02  Viking x3  
  199  21:15  Siege Tank  
  192  21:19  Hellion x2  
  192  21:23  Liberator  
  185  21:29  Viking x2  
  178  21:52  Thor x2  
  180  21:56  Hellion  
  174  22:04  Hellion x2  
  175  22:09  SCV x4  
  179  22:21  SCV x5, Refinery  
  179  22:22  Refinery  
  184  22:25  Refinery  
  184  22:29  Orbital Command  
  184  22:32  Planetary Fortress  
  184  22:36  Missile Turret  
  184  22:38  Missile Turret  
  184  22:39  Hellion x2  
  184  22:40  Hellion  
  184  22:44  Hellion  
  192  22:48  Hellion  
  184  23:08  Siege Tank x2  
  184  23:10  Hellion x3  
  193  23:14  Liberator  
  193  23:18  Refinery  
  193  23:20  Hellion  
  193  23:21  Hellion  
  197  23:35  Hellion  
  199  23:44  Hellion  
  196  23:58  Siege Tank  
  193  24:04  Siege Tank  
  193  24:08  Hellion x2  
  167  24:17  Hellion  
  167  24:18  Hellion  
  167  24:22  SCV x2  
  164  24:28  Hellion  
  164  24:30  Orbital Command  
  166  24:34  Hellion x3  
  166  24:37  Hellion  
  174  24:39  Hellion x2  
  174  24:41  SCV x5  
  183  24:49  Hellion  
  183  24:51  Mag-Field Accelerator  
  179  24:55  Hellion x2  
  179  24:56  Hellion  
  179  24:58  Hellion  
  183  25:04  Hellion  
  185  25:10  Cyclone  
  184  25:17  Cyclone  
  184  25:18  Orbital Command  
  184  25:19  Cyclone  
  172  25:46  SCV  
  172  25:47  SCV x6  
  172  25:48  Hellion  
  172  25:49  Hellion x3, Cyclone x2  
  193  25:51  Cyclone  
  196  25:59  SCV x3  
  199  26:06  Command Center  
  199  26:18  Refinery  
  199  26:21  Refinery  
  190  26:36  Hellion x2, Cyclone x2  
  200  26:59  Command Center  
  194  27:05  Hellion x2, Cyclone  
  184  27:11  Hellion, Cyclone x2  
  184  27:12  Hellion  
  156  27:31  Liberator x5  
  156  27:32  Hellion  
  123  27:37  Cyclone  
  123  27:43  Cyclone x2  
  130  27:46  Hellion x2  
  149  27:52  SCV  
  149  27:55  Hellion x2  
  149  28:07  Hellion x2  
  149  28:09  Cyclone  
  154  28:15  Cyclone x2  
  154  28:17  Hellion x2  
  154  28:18  SCV  
  145  28:34  Hellion  
  145  28:37  Hellion  
  145  28:40  SCV x2  
  148  28:41  Cyclone  
  148  28:43  Liberator x3  
  148  28:47  Cyclone x2  
  166  29:04  Hellion x2, Liberator  
  167  29:13  Siege Tank  
  168  29:19  Cyclone  
  169  29:28  Liberator  
  141  29:33  Hellion x2, Cyclone  
  132  29:55  Hellion x2, Cyclone x2  
  132  29:59  Orbital Command  
  124  30:00  Hellion  
  124  30:02  SCV x4  
  124  30:11  Cyclone  
  124  30:12  Hellion  
  110  30:15  Orbital Command  
  79  30:27  Cyclone x2  
  72  30:37  SCV x2  
  72  30:38  SCV  
  75  30:46  Hellbat  
  75  30:49  Cyclone  
  80  30:52  Hellion  
  82  30:59  Cyclone  
  85  31:06  Hellion  
  87  31:14  Hellion x2  
  87  31:15  Hellion  
  87  31:16  Cyclone  
  90  31:24  SCV  
  90  31:25  SCV  
  79  31:28  Hellion  
  79  31:29  Hellion  
  79  31:31  Cyclone  
  78  31:34  Refinery  
  78  31:35  SCV x4  
  78  31:37  Hellion  
  84  31:42  Hellion  
  84  31:47  Hellion  
  88  31:48  Cyclone  
  88  31:50  Hellion  
  88  31:52  SCV  
  88  31:53  SCV  
  95  32:04  Hellion  
  95  32:07  Cyclone  
  100  32:14  Siege Tank  
  103  32:18  Hellion  
  103  32:22  Planetary Fortress  
  105  32:28  SCV x3  
  108  32:30  SCV  
  108  32:35  Hellion  
  108  32:36  Hellion  
  113  32:43  Siege Tank  
  114  32:45  Siege Tank  
  117  32:51  Siege Tank  
  117  32:57  SCV  
  117  32:58  SCV  
  120  33:15  Siege Tank  
  117  33:22  Hellion x3, Siege Tank  
  118  33:32  Hellion x2  
  89  33:47  Cyclone  
  87  33:49  Hellion  
  87  33:57  Hellion  
  89  34:10  SCV x2  
  89  34:17  SCV  
  89  34:31  Siege Tank  
  92  34:39  SCV  
  92  34:45  SCV, Orbital Command  
  96  34:52  Hellion  
Tags
 
Add a new tag
Caveats
  • Supply blocks, unpowered buildings, or Contaminate may cause inaccurate times.
  • Supply counts are checked every 10 seconds.